 Dungeon Crawl Stone Soup version 0.28.0-55-gcd9437bce4 (webtiles) character file.

Game seed: 11833103081593210062

0 Atelerd the Digger (level 1, -1/11 HPs)
             Began as an Octopode Earth Elementalist on Jan 1, 2023.
             Slain by a worm (10 damage)
             ... on level 1 of the Dungeon.
             The game lasted 00:00:15 (200 turns).

Atelerd the Digger (Octopode Earth Elementalist)     Turns: 200, Time: 00:00:16

Health: -1/11      AC:  1    Str:  7    XL:     1   Next: 10%
Magic:  1/3        EV: 13    Int: 17    God:
Gold:   23         SH:  0    Dex: 12    Spells: 3/4 levels left

rFire   . . .      SeeInvis .   (no weapon)
rCold   . . .      Faith    .   (no shield)
rNeg    . . .      Spirit   .   (helmet restricted)
rPois   .          Reflect  .   (no amulet)
rElec   .          Harm     .   (no ring)
rCorr   .          Rampage  .   (no ring)
Will    .....                   (no ring)
Stlth   +++.......              (no ring)
HPRegen 0.03/turn               (no ring)
MPRegen 0.08/turn               (no ring)
                                (no ring)
                                (no ring)

@: very slightly contaminated
A: almost no armour, amphibious, 8 rings, camouflage 1, gelatinous body 1,
(nimble swimmer 1), tentacles
a: no special abilities


You were on level 1 of the Dungeon.
You visited 1 branch of the dungeon, and saw 1 of its levels.

You collected 23 gold pieces.

Inventory:

Missiles
 b - 28 stones
Scrolls
 a - a scroll of enchant armour {unknown}


   Skills:
 - Level 2.0 Dodging
 + Level 2.7 Stealth
 + Level 2.0 Spellcasting
 + Level 1.0 Transmutations
 + Level 3.0 Earth Magic


You had 3 spell levels left.
You knew the following spells:

 Your Spells              Type           Power      Damage    Failure   Level
a - Sandblast             Erth           22%        2d7       5%          1

Your spell library contained the following spells:

 Spells                   Type           Power      Damage    Failure   Level
 Passwall                 Tmut/Erth      6%         N/A       13%         2
 Stone Arrow              Conj/Erth      12%        3d7       30%         3
 Petrify                  Tmut/Erth      8%         N/A       63%         4


Dungeon Overview and Level Annotations

Branches:
Dungeon (1/15)

Altars:


Innate Abilities, Weirdness & Mutations

You cannot wear most types of armour.
You are amphibious.
You can wear up to eight rings at the same time.
Your skin changes colour to match your surroundings (Stealth+).
Your rubbery body absorbs attacks. (AC +1, EV +1)
((You are camouflaged when in or above water. (Stealth+)))
You have tentacles for arms and can constrict up to eight enemies at once.


Message History

A worm is nearby!
A worm is nearby!
No reachable target in view!
A worm is nearby!
You can't see any susceptible monsters within range! (Use Z to cast anyway.)
A worm is nearby!
Found an escape hatch in the floor.
A worm is nearby!
A worm is nearby!
A worm is nearby!
Found a stone staircase leading down.
There is a stone staircase leading down here.
Found a stone staircase leading down.
Found a mace.
a - a scroll labelled OGIEGYTWUCUE A rat comes into view.
A rat is nearby!
A rat is nearby!
The blast of sand hits the rat.
You kill the rat!
You can't see any susceptible monsters within range! (Use Z to cast anyway.) No target in view!
Magic restored.
You now have 3 gold pieces.
You now have 13 gold pieces (gained 10).
You now have 23 gold pieces (gained 10).
A worm is nearby!
A worm is nearby!
A worm is nearby!
A worm is nearby!
A worm is nearby!
You barely miss the worm. You grab the worm. You constrict the worm.
The blast of sand hits the worm!
The worm is heavily wounded.
You constrict the worm. The worm bites you.
You miscast Sandblast.
You are very lightly contaminated with residual magic.
Nothing appears to happen.
You constrict the worm. The worm bites you!
Ouch! That really hurt!
You die...

...##..# #.# ######.##
#.# #..# #.# ##.#####
########.# #.##..##
##...##...#
#.#..#..###.#..#..##.#
#.##§≈##...###...≈##.#
###.##.####.##...###.#
#.# #.. #@#..##....#
#.######..#w#§..#####
# #....####.#.##[##
#....###.####.#≈#
#≈§##.#..≈#.#.#.#
#..#.#.###.#.#.##
....≈.##.####≈.#####.#
§§§w! #.#.....#..#..#
§≈§§ #...≈#.#.#...<#


You could see a worm.

Vanquished Creatures
  A rat (D:1)
1 creature vanquished.

Notes
Turn   | Place    | Note
-------+----------+-------------------------------------------
     0 | D:1      | Atelerd the Octopode Earth Elementalist began the quest for
                  | the Orb.
     0 | D:1      | Reached XP level 1. HP: 11/11 MP: 3/3
   200 | D:1      | Slain by a worm

Illustrated notes

Levels and vault maps discovered:
D:1:      dpeg_arrival_brainrot, layout_basic, chequers_ecumenical_altar_grove,
          minmay_strange_pillars, minmay_cupped

Action                   || total
-------------------------++-------
Melee: Unarmed           ||     1
       Constrict         ||     1
 Cast: Sandblast         ||     2
